 Dungeon Crawl Stone Soup version 0.26-a0-690-gcb57259078 (webtiles) character file.

Game seed: 3041498585727650806

506 ANON1729 the Slasher (level 7, -6/44 HPs)
             Began as an Octopode Chaos Knight on Oct 24, 2020.
             Was a Plaything of Xom.
             Mangled by an orc wizard
             ... wielding a +0 dagger
              (7 damage)
             ... on level 5 of the Dungeon.
             The game lasted 00:05:19 (4678 turns).

ANON1729 the Slasher (Octopode Chaos Knight)        Turns: 4678, Time: 00:05:19

Health: -6/44      AC:  1    Str: 13    XL:     7   Next: 18%
Magic:  7/7        EV: 20    Int: 13    God:    Xom [.*....]
Gold:   219        SH:  0    Dex: 19    Spells: 6/6 levels left

rFire    . . .     SeeInvis .   a - +0 falchion (chaos)
rCold    . . .     Faith    .   (no shield)
rNeg     . . .     Spirit   .   (helmet restricted)
rPois    +         Reflect  .   (no amulet)
rElec    .         Harm     .   i - +4 ring of evasion
rCorr    .         Rampage  .   q - ring of flight
MR       .....                  s - ring of stealth
Stlth    +++++.....             t - +6 ring of dexterity
HPRegen  0.14/turn              (no ring)
MPRegen  0.10/turn              (no ring)
                                (no ring)
                                (no ring)

@: brilliant
A: almost no armour, stealthy swim, amphibious, 8 rings, constrict 8, camouflage
1, agile 1, blurry vision 1, dopey 1, frail 1, poison resistance, gelatinous
body 1
a: Renounce Religion, Evoke Flight


You were on level 5 of the Dungeon.
You worshipped Xom.
You were a plaything of Xom.
You visited 1 branch of the dungeon, and saw 5 of its levels.

You collected 219 gold pieces.

Inventory:

Hand Weapons
 a - a +0 falchion of chaos (weapon)
Jewellery
 i - a +4 ring of evasion (left tentacle)
 q - a ring of flight (right tentacle)
 s - a ring of stealth (on tentacle)
 t - a +6 ring of dexterity (on tentacle)
 v - an uncursed ring of ice
Scrolls
 c - 7 scrolls of teleportation {unknown}
 e - 4 scrolls of magic mapping {unknown}
 j - a scroll of fear {unknown}
 k - 3 scrolls of identify {unknown}
 m - 6 scrolls of remove curse {unknown}
 o - a scroll of fog {unknown}
 r - 2 scrolls of random uselessness {unknown}
 u - a scroll of blinking {unknown}
Potions
 b - 2 potions of degeneration {unknown}
 d - 2 potions of brilliance
 f - 2 potions of heal wounds {unknown}
 g - 2 potions of flight {unknown}
 h - 2 potions of might {unknown}
 l - a potion of lignification {unknown}
 n - a potion of cancellation {unknown}
 p - a potion of curing {unknown}


   Skills:
 + Level 4.7 Fighting
 + Level 4.8 Long Blades
 + Level 4.4 Dodging
 + Level 4.4 Stealth


You had 6 spell levels left.
You didn't know any spells.
Your spell library was empty.

Dungeon Overview and Level Annotations

Branches:
Dungeon (5/15)             Temple (0/1) D:4

Altars:
Sif Muna


Innate Abilities, Weirdness & Mutations

You cannot wear most types of armour.
You are very stealthy in the water. (Stealth+)
You are amphibious.
You can wear up to eight rings at the same time.
You can use your tentacles to constrict eight enemies at once.
Your skin changes colour to match your surroundings (Stealth+).
Your rubbery body absorbs attacks. (AC +1, EV +1)
You are agile. (Dex +2)
Scrolls take you a little longer to read.
You are dopey. (Int -2)
You are frail. (-10% HP)
Your system is resistant to poisons. (rPois)


Message History

You hear some strange, mumbled words.
A puff of flame appears from out of thin air!
The puff of flame hits you! The orc barely misses you.
Something hits you but does no damage.
You hit something but do no damage. You squeeze something. The orc hits you.
Something hits you.
The orc priest shouts!
You hit something.
Xom thinks this is hilarious!
Nothing appears to happen.
The orc closely misses you. Something hits you.
* * * LOW HITPOINT WARNING * * *
It was a potion of brilliance.
You feel clever all of a sudden.
The orc priest mumbles some strange prayers to Beogh against you.
Beogh smites you!
* * * LOW HITPOINT WARNING * * *
The orc closely misses you.
You riposte.
You closely miss the orc. Your grab misses the orc. Something hits you!
You die...
Xom cackles wildly!

## ...(oo #. ....o
#########. ..o.
#......... #..Z
#...#####. +Z..
#...###.#. ...
#.......## #.######
#...###... #>oZo@.#
#...# #### #.####{####
#...# #... #. #(...#
##### #.#.
#.#####...#########.#'
#..............[......
########.######.###...
#.# #.# #..( #(# #.#
#... #.## #.# #...


You could see an orc priest, an orc and a bullfrog skeleton.

Vanquished Creatures
  Dowan (D:4)
  A scorpion (D:4)
  3 orc wizards
  Natasha (D:4)
  6 gnolls
  7 adders
  An ooze (D:1)
  4 worms
  3 dart slugs
  4 leopard geckos
  11 orcs
  6 giant cockroaches
  4 goblins (D:1)
  7 hobgoblins
  2 quokkas
  16 bats
  2 frilled lizards
  10 kobolds
  A quokka skeleton (D:5)
  6 rats
96 creatures vanquished.

Vanquished Creatures (collateral kills)
  Duvessa (D:4)
1 creature vanquished.

Grand Total: 97 creatures vanquished

Notes
Turn   | Place    | Note
-------+----------+-------------------------------------------
     0 | D:1      | ANON1729 the Octopode Chaos Knight began the quest for the
                  | Orb.
     0 | D:1      | Reached XP level 1. HP: 16/16 MP: 1/1
    56 | D:1      | XOM: butterfly on damage
    82 | D:1      | Reached XP level 2. HP: 9/21 MP: 2/2
   604 | D:1      | Reached XP level 3. HP: 21/26 MP: 3/3
  1117 | D:2      | Found a shimmering blue altar of Sif Muna.
  1160 | D:2      | XOM: 2-stop teleportation journey
  1170 | D:3      | XOM: smoke on damage
  1481 | D:3      | XOM: 1-stop teleportation journey
  1500 | D:3      | Reached skill level 1 in Stealth
  1500 | D:3      | Reached XP level 4. HP: 30/33 MP: 4/4
  1715 | D:3      | XOM: smoke on damage
  1755 | D:3      | XOM: 1-stop teleportation journey
  1875 | D:3      | Reached XP level 5. HP: 37/37 MP: 5/5
  2138 | D:3      | XOM: give mutation
  2138 | D:3      | Gained mutation: You have supernaturally acute eyesight.
                  | (SInv) [Xom's mischief]
  2377 | D:4      | XOM: give mutations
  2377 | D:4      | Gained mutation: You are frail. (-10% HP) [Xom's mischief]
  2377 | D:4      | Lost mutation: You have supernaturally acute eyesight.
                  | (SInv) [Xom's mischief]
  2377 | D:4      | Gained mutation: Scrolls take you a little longer to read.
                  | [Xom's mischief]
  2377 | D:4      | Gained mutation: You are dopey. (Int -2) [Xom's mischief]
  2392 | D:4      | XOM: silly message
  2735 | D:4      | Found a staircase to the Ecumenical Temple.
  2744 | D:4      | Reached XP level 6. HP: 38/38 MP: 6/6
  2892 | D:4      | XOM: silly message
  2928 | D:4      | Noticed Natasha
  2935 | D:4      | Killed Natasha
  3044 | D:4      | Noticed Dowan
  3047 | D:4      | Noticed Duvessa
  3057 | D:4      | XOM: give mutation
  3057 | D:4      | Gained mutation: Your system is resistant to poisons.
                  | (rPois) [Xom's grace]
  3064 | D:4      | XOM: cast spell 'Summon Mana Viper'
  3071 | D:4      | Killed Duvessa
  3076 | D:4      | Killed Dowan
  3683 | D:2      | You fall into a shaft and drop 2 floors!
  3828 | D:2      | Reached XP level 7. HP: 38/44 MP: 7/7
  4055 | D:2      | XOM: give mutation
  4055 | D:2      | Gained mutation: You are agile. (Dex +2) [Xom's mischief]
  4403 | D:5      | Entered Level 5 of the Dungeon
  4678 | D:5      | HP: 1/44 [orc priest/divine providence (12)]
  4678 | D:5      | Mangled by an orc wizard

Illustrated notes

Levels and vault maps discovered:
D:1:      lightli_arrival_maybe_door_vault, layout_loops_ring
D:2:      layout_basic, led_sif_pool
D:3:      layout_loops_ring, st_stairs_9
D:4:      layout_gridville, minmay_temple_entry_large_hall, uniq_natasha,
          uniq_duvessa
D:5:      layout_basic, nrook_mini_backslash

Skill      XL: |  1  2  3  4  5  6 |
---------------+-------------------+-----
Dodging        | 3 4 |  4.4
Stealth        | 1 2 3 4 |  4.4
Fighting       | 4 |  4.7
Long Blades    | 4 |  4.8

Action                   |  1- 3 |  4- 6 |  7- 9 || total
-------------------------+-------+-------+-------++-------
Melee: Falchion          |    56 |    73 |    49 ||   178
       Constrict         |    21 |    30 |    12 ||    63
       Tentacles         |     8 |    21 |     8 ||    37
  Use: Potion            |       |       |     1 ||     1
 Stab: Sleeping          |     5 |     9 |     5 ||    19
       Distracted        |       |     1 |     1 ||     2
       Paralysed         |       |     2 |       ||     2
Armor: Skin              |     6 |     4 |     4 ||    14
Dodge: Dodged            |    39 |    55 |    35 ||   129
       Rpst.: Falchion   |    15 |    24 |     7 ||    46

Table legend: (Time is in decaauts)
 A = Elapsed time spent in this place.
 B = Non-inter-level travel time spent in this place.
 C = Inter-level travel time spent in this place.
 D = Time resting spent in this place.
 E = Time spent auto-exploring this place.
 F = Levels seen in this place.
 G = Mean time per level.
                   A        B        C        D        E       F      G
               +--------+--------+--------+--------+--------+-----+--------+
         Total |   4696 |   4554 |    142 |    849 |   3048 |   5 |  939.2 |
       Dungeon |   4696 |   4554 |    142 |    849 |   3048 |   5 |  939.2 |
               +--------+--------+--------+--------+--------+-----+--------+

Top non-repeatable levels by time:
     D:3: 1394 daAuts
     D:2: 1033 daAuts
     D:1: 1021 daAuts
     D:4: 971 daAuts
     D:5: 275 daAuts
